[ AOE2 MATCH · #466673549 ]
UnrankedSaracens vs Ethiopians
Player's team · LOSS
[ REPLAY ANALYSIS · EXTRACTED FROM THE RECORDED GAME ]
Feudal
9:19
Castle
18:36
Imperial
40:58
| APM avg | 42.3 |
| APM peak | 95 |
| eAPM avg | 16.8 |
| Villagers / military | 65 / 45 |
Focus
⚔️ 17.0% · 🌾 83.0%
Skirmisher ×19 · Knight ×7 · Mameluke ×6 · Battering Ram ×5 · Monk ×3 · Camel Scout ×3
Feudal
10:41
Castle
15:40
Imperial
38:49
| APM avg | 35.7 |
| APM peak | 89 |
| eAPM avg | 14.1 |
| Villagers / military | 123 / 79 |
Focus
⚔️ 31.7% · 🌾 68.3%
Archer ×55 · Spearman ×17 · Monk ×4 · Trebuchet (Packed) ×3
Match map
Initial resources + every placement click. Lines = walls · curves = elevation contours. ◆ gold · ⬟ stone · ● berries · ✦ relic · ◌ wall gap
Inputs per minute
— Agreus - - WillyWilly69
Build order — Agreus
First 150 of 216 actions detected
| 0:04 | Build | House |
| 0:06 | Build | House |
| 0:07 | Create | Villager (Male) |
| 0:07 | Create | Villager (Male) |
| 0:07 | Create | Villager (Male) |
| 0:07 | Create | Villager (Male) |
| 0:08 | Create | Villager (Male) |
| 1:45 | Create | Villager (Male) |
| 1:46 | Create | Villager (Male) |
| 2:30 | Create | Villager (Male) |
| 2:51 | Create | Villager (Male) |
| 3:11 | Create | Villager (Male) |
| 3:11 | Create | Villager (Male) |
| 3:11 | Create | Villager (Male) |
| 3:27 | Build | House |
| 4:12 | Build | Lumber Camp |
| 4:13 | Create | Villager (Male) |
| 4:13 | Create | Villager (Male) |
| 4:56 | Create | Villager (Male) |
| 5:27 | Create | Villager (Male) |
| 5:27 | Create | Villager (Male) |
| 5:42 | Create | Villager (Male) |
| 5:43 | Create | Villager (Male) |
| 6:18 | Build | Mill |
| 7:09 | Research | Feudal Age |
| 8:04 | Build | Barracks |
| 8:43 | Create | Villager (Male) |
| 8:44 | Research | Loom |
| 9:05 | Build | House |
| 9:19 | Age | Feudal Age |
| 9:33 | Build | House |
| 10:33 | Build | Palisade Wall |
| 10:49 | Build | Palisade Wall |
| 11:01 | Build | Building 796 |
| 11:10 | Create | Villager (Male) |
| 11:17 | Research | Double-Bit Axe |
| 11:17 | Research | Double-Bit Axe |
| 11:45 | Research | Horse Collar |
| 12:26 | Build | Mining Camp |
| 12:29 | Create | Villager (Male) |
| 12:34 | Create | Villager (Male) |
| 13:12 | Create | Villager (Male) |
| 13:29 | Create | Villager (Male) |
| 13:43 | Build | Blacksmith |
| 13:46 | Build | Market |
| 13:59 | Research | Gold Mining |
| 14:01 | Create | Villager (Male) |
| 14:18 | Create | Villager (Male) |
| 14:46 | Build | Stable |
| 15:56 | Research | Castle Age |
| 17:08 | Research | Wheelbarrow |
| 17:13 | Build | House |
| 17:20 | Create | Spearman |
| 18:36 | Age | Castle Age |
| 18:45 | Build | Town Center |
| 18:56 | Build | Farm |
| 18:56 | Build | Farm |
| 18:57 | Build | Farm |
| 18:58 | Build | Farm |
| 18:58 | Build | Farm |
| 18:59 | Build | Farm |
| 19:00 | Build | Farm |
| 19:01 | Build | Farm |
| 19:01 | Build | Farm |
| 19:02 | Build | Farm |
| 19:45 | Build | Mining Camp |
| 20:20 | Create | Villager (Male) |
| 20:37 | Build | Farm |
| 20:37 | Build | Farm |
| 20:37 | Build | Farm |
| 20:38 | Build | Farm |
| 20:39 | Build | Farm |
| 20:56 | Create | Knight |
| 21:13 | Build | Building 490 |
| 21:35 | Create | Knight |
| 21:37 | Create | Knight |
| 21:37 | Create | Knight |
| 21:46 | Create | Knight |
| 21:46 | Create | Knight |
| 22:07 | Build | Building 673 |
| 22:17 | Create | Villager (Male) |
| 22:19 | Create | Villager (Male) |
| 22:58 | Create | Villager (Male) |
| 23:01 | Create | Villager (Male) |
| 23:12 | Research | Forging |
| 23:21 | Create | Villager (Male) |
| 23:29 | Build | Lumber Camp |
| 23:44 | Create | Villager (Male) |
| 23:48 | Create | Camel Scout |
| 23:49 | Create | Camel Scout |
| 23:54 | Build | Archery Range |
| 24:03 | Create | Villager (Male) |
| 24:39 | Research | Scale Barding Armor |
| 25:04 | Research | Elite Skirmisher (upgrade) |
| 25:05 | Research | Elite Skirmisher (upgrade) |
| 25:27 | Create | Villager (Male) |
| 25:27 | Create | Villager (Male) |
| 25:38 | Research | Bloodlines |
| 26:00 | Build | House |
| 26:01 | Build | House |
| 26:11 | Create | Villager (Male) |
| 26:26 | Research | Heavy Plow |
| 26:46 | Create | Villager (Male) |
| 26:48 | Create | Villager (Male) |
| 27:24 | Research | Fletching |
| 27:27 | Create | Skirmisher |
| 27:30 | Create | Villager (Male) |
| 28:09 | Create | Villager (Male) |
| 28:12 | Create | Villager (Male) |
| 28:25 | Create | Villager (Male) |
| 28:25 | Create | Villager (Male) |
| 28:46 | Build | Monastery |
| 28:48 | Create | Villager (Male) |
| 28:51 | Create | Villager (Male) |
| 29:02 | Build | Castle |
| 29:12 | Build | House |
| 29:14 | Build | House |
| 29:23 | Build | House |
| 29:35 | Create | Skirmisher |
| 29:38 | Create | Monk |
| 29:55 | Create | Villager (Male) |
| 29:56 | Create | Villager (Male) |
| 30:04 | Build | Farm |
| 30:04 | Build | Farm |
| 30:04 | Build | Farm |
| 30:05 | Build | Farm |
| 30:05 | Build | Farm |
| 30:05 | Build | Farm |
| 30:05 | Build | Farm |
| 30:06 | Build | Farm |
| 30:06 | Build | Farm |
| 30:06 | Build | Farm |
| 30:06 | Build | Farm |
| 30:16 | Research | Bow Saw |
| 30:36 | Create | Villager (Male) |
| 30:36 | Create | Villager (Male) |
| 30:41 | Create | Villager (Male) |
| 30:41 | Create | Villager (Male) |
| 30:52 | Build | Siege Workshop |
| 30:57 | Create | Mameluke |
| 30:57 | Create | Mameluke |
| 30:57 | Create | Mameluke |
| 31:11 | Create | Villager (Male) |
| 31:24 | Build | Farm |
| 31:24 | Build | Farm |
| 31:40 | Create | Villager (Male) |
| 32:00 | Build | Lumber Camp |
| 32:21 | Build | Farm |
| 32:22 | Create | Skirmisher |
| 32:47 | Research | Iron Casting |
Build order — WillyWilly69
First 150 of 211 actions detected
| 0:01 | Create | Villager (Male) |
| 0:02 | Create | Villager (Male) |
| 0:02 | Create | Villager (Male) |
| 0:03 | Build | House |
| 0:05 | Build | House |
| 0:44 | Create | Villager (Male) |
| 0:45 | Create | Villager (Male) |
| 1:35 | Create | Villager (Male) |
| 1:35 | Create | Villager (Male) |
| 1:46 | Build | Lumber Camp |
| 2:30 | Build | Palisade Wall |
| 2:35 | Create | Villager (Male) |
| 2:35 | Create | Villager (Male) |
| 2:59 | Create | Villager (Male) |
| 3:32 | Create | Villager (Male) |
| 3:32 | Create | Villager (Male) |
| 3:55 | Build | House |
| 4:16 | Create | Villager (Male) |
| 4:17 | Create | Villager (Male) |
| 5:08 | Create | Villager (Male) |
| 5:08 | Create | Villager (Male) |
| 5:08 | Create | Villager (Male) |
| 5:22 | Build | Mill |
| 5:30 | Create | Villager (Male) |
| 5:30 | Create | Villager (Male) |
| 6:12 | Create | Villager (Male) |
| 6:12 | Create | Villager (Male) |
| 6:54 | Create | Villager (Male) |
| 6:54 | Create | Villager (Male) |
| 6:56 | Create | Villager (Male) |
| 7:18 | Create | Villager (Male) |
| 8:31 | Research | Feudal Age |
| 8:52 | Build | Barracks |
| 9:13 | Create | Villager (Male) |
| 9:24 | Build | House |
| 9:32 | Build | Mining Camp |
| 9:55 | Create | Villager (Male) |
| 10:41 | Age | Feudal Age |
| 10:57 | Build | Archery Range |
| 10:59 | Build | Blacksmith |
| 11:03 | Create | Villager (Male) ×5 |
| 11:48 | Build | Palisade Wall |
| 13:00 | Research | Castle Age |
| 13:07 | Create | Archer |
| 13:07 | Create | Archer |
| 13:09 | Create | Archer |
| 13:20 | Build | Farm |
| 13:21 | Build | Farm |
| 14:31 | Build | House |
| 14:33 | Build | House |
| 14:33 | Build | House |
| 14:34 | Build | House |
| 14:36 | Build | House |
| 14:36 | Build | House |
| 14:38 | Build | House |
| 14:39 | Build | House |
| 14:55 | Create | Archer |
| 15:34 | Create | Villager (Male) |
| 15:35 | Create | Villager (Male) |
| 15:36 | Create | Villager (Male) |
| 15:40 | Age | Castle Age |
| 16:20 | Build | Building 490 |
| 16:25 | Build | Stone Wall |
| 16:31 | Build | Stone Wall |
| 16:45 | Create | Villager (Male) |
| 16:49 | Research | Double-Bit Axe |
| 16:50 | Research | Horse Collar |
| 17:06 | Build | Town Center |
| 17:14 | Research | Crossbowman (upgrade) |
| 17:16 | Create | Archer |
| 17:56 | Research | Fletching |
| 18:25 | Build | Market |
| 18:34 | Build | Lumber Camp |
| 19:02 | Build | Mining Camp |
| 19:06 | Create | Villager (Male) |
| 19:18 | Create | Archer |
| 19:19 | Create | Archer |
| 19:21 | Create | Archer |
| 19:38 | Create | Villager (Male) |
| 20:10 | Create | Villager (Male) |
| 20:42 | Create | Villager (Male) ×4 |
| 21:00 | Build | Farm |
| 21:00 | Build | Farm |
| 21:00 | Build | Farm |
| 21:01 | Build | Farm |
| 21:01 | Build | Farm |
| 21:01 | Build | Farm |
| 21:01 | Build | Farm |
| 21:02 | Build | Farm |
| 21:02 | Build | Farm |
| 21:02 | Build | Farm |
| 21:09 | Create | Villager (Male) |
| 21:51 | Create | Spearman |
| 21:51 | Create | Spearman |
| 22:19 | Research | Loom |
| 22:32 | Create | Villager (Male) ×3 |
| 22:40 | Create | Spearman |
| 22:41 | Create | Spearman |
| 23:17 | Build | Town Center |
| 23:21 | Create | Villager (Male) ×3 |
| 23:29 | Create | Archer ×2 |
| 24:02 | Create | Villager (Male) ×5 |
| 24:13 | Research | Squires |
| 24:40 | Create | Villager (Male) ×2 |
| 24:41 | Create | Villager (Male) ×2 |
| 25:07 | Create | Villager (Male) |
| 25:11 | Create | Villager (Male) |
| 25:15 | Create | Villager (Male) |
| 25:16 | Create | Villager (Male) |
| 25:27 | Create | Spearman |
| 25:27 | Create | Spearman |
| 25:40 | Build | Barracks |
| 25:45 | Create | Villager (Male) |
| 26:20 | Create | Villager (Male) ×3 |
| 26:25 | Create | Archer ×5 |
| 26:59 | Create | Villager (Male) ×3 |
| 27:15 | Build | Farm |
| 27:15 | Build | Farm |
| 27:15 | Build | Farm |
| 27:16 | Build | Farm |
| 27:16 | Build | Farm |
| 27:16 | Build | Farm |
| 27:16 | Build | Farm |
| 27:17 | Build | Farm |
| 27:17 | Build | Farm |
| 27:17 | Build | Farm |
| 27:22 | Create | Villager (Male) ×2 |
| 27:33 | Create | Villager (Male) |
| 27:35 | Create | Spearman |
| 27:35 | Create | Spearman |
| 27:36 | Create | Spearman |
| 28:24 | Create | Villager (Male) ×4 |
| 28:40 | Build | Castle |
| 28:47 | Create | Spearman ×4 |
| 29:31 | Build | Castle |
| 29:47 | Create | Spearman |
| 29:47 | Create | Spearman |
| 29:55 | Build | House |
| 29:56 | Build | House |
| 29:56 | Build | House |
| 29:56 | Build | House |
| 29:57 | Build | House |
| 29:57 | Build | House |
| 29:57 | Build | House |
| 29:58 | Build | House |
| 29:58 | Build | House |
| 29:58 | Build | House |
| 29:58 | Build | House |
| 30:00 | Build | House |
| 30:00 | Build | House |
Match timeline
| 2:30 | WillyWilly69 · wall_segment Palisade Wall x16 |
| 8:04 | Agreus · first_building Barracks |
| 8:52 | WillyWilly69 · first_building Barracks |
| 9:19 | Agreus · age_up feudal |
| 10:33 | Agreus · wall_segment Palisade Wall x3 |
| 10:41 | WillyWilly69 · age_up feudal |
| 10:49 | Agreus · wall_segment Palisade Wall x1 |
| 10:57 | WillyWilly69 · first_building Archery Range |
| 11:48 | WillyWilly69 · wall_segment Palisade Wall x1 |
| 14:46 | Agreus · first_building Stable |
| 15:40 | WillyWilly69 · age_up castle |
| 16:25 | WillyWilly69 · wall_segment Stone Wall x4 |
| 16:31 | WillyWilly69 · wall_segment Stone Wall x8 |
| 18:36 | Agreus · age_up castle |
| 20:26 | WillyWilly69 · first_market_buy 100 stone |
| 23:54 | Agreus · first_building Archery Range |
| 28:40 | WillyWilly69 · first_building Castle |
| 28:46 | Agreus · first_building Monastery |
| 29:02 | Agreus · first_building Castle |
| 30:52 | Agreus · first_building Siege Workshop |
| 32:51 | WillyWilly69 · first_building Monastery |
| 34:35 | Agreus · first_market_buy 100 wood |
| 35:31 | WillyWilly69 · first_market_sell 500 wood |
| 37:41 | Agreus · first_market_sell 100 wood |
| 38:49 | WillyWilly69 · age_up imperial |
| 40:58 | Agreus · age_up imperial |
| 44:20 | Agreus · resign |
[ AI ANALYSIS · 1 CREDIT ]
What really happened in this match?
Wolo.gg analyzes every decision: build order, eco, micro, common mistakes by bracket. Personalized analysis on WhatsApp or Discord in 30 seconds.
Civ guide
Saracens
Perfil
Jugador #23708617